cohdb
Replays
Latest Replays
All Replays
Popular Replays
Top Player Replays
Match Explorer
How It Works
Community
CoH3 Stats
Reddit
Sign in to upload your games and track your stats! →
Sign in with Steam
Match 42858924
Unlisted
Match 42858924
Overview
Messages
Build Orders
End
Selects Italian Combined Arms Battlegroup
Selects Bersaglieri Squad
Bersaglieri Squad
Kradschützen Motorcycle Team
Bersaglieri Squad
Construct Light Support Kompanie
Bersaglieri Squad
Fire Support Elements
2.5-tonne Medical Truck
Pak 38 Mechanized Group
Combat Half-tracks
Selects Bersaglieri Bolster
Flakvierling Half-track
Selects Breda Model 30 Light Machine Guns
Selects Breda Model 30 Light Machine Guns
Construct Panzerarmee Kommand
Armored Reserves
Pak 38 Mechanized Group
2.5-tonne Medical Truck
Pak 38 Anti-tank Gun Team
Team saupiquet
HikiKoumori
ImNotProPlayerr
Clara
pp123p
Lynx
saint087
Mad
0
0
Comments
sign in to comment!
No comments posted yet!